 Dungeon Crawl Stone Soup version 0.19-a0-944-gb338e1e (webtiles) character file.

56 Charly the Insei (level 3, -1/17 HPs)
             Began as a Vine Stalker Transmuter on July 9, 2016.
             Slain by a quasit (2 damage)
             ... on level 3 of the Dungeon.
             The game lasted 00:04:07 (239 turns).

Charly the Insei (Vine Stalker Transmuter)           Turns: 239, Time: 00:04:08

Health: -1/17      AC:  2    Str: 12      XL:     3   Next: 97%
Magic:  0/7        EV: 12    Int: 14      God:
Gold:   0          SH:  0    Dex: 10 (14) Spells: 3 memorised, 0 levels left

rFire  . . .     SeeInvis .       - Unarmed
rCold  . . .     Gourm    .     b - +0 robe
rNeg   . . .     Faith    .     (no shield)
rPois  .         Spirit   +     (no helmet)
rElec  .         Dismiss  .     (no cloak)
rCorr  .         Reflect  .     (no gloves)
SustAt .         Harm     .     (no boots)
MR     .....                    (no amulet)
Stlth  +.........               (no ring)
                                (no ring)

@: very slightly contaminated, not resistant to hostile enchantments, very
unstealthy
A: fangs 2, regeneration 1, magic shield, antimagic bite, no device heal 3, rot
immunity
a: no special abilities


You were on level 3 of the Dungeon.
You were not hungry.

You visited 1 branch of the dungeon, and saw 3 of its levels.

Inventory:

Missiles
 a - 33 arrows
Armour
 b - a +0 robe (worn)
Potions
 e - a potion of haste {unknown}
Books
 c - a book of Changes

   Spells                             Type                      Level
   a - Beastly Appendage              Transmutation                1
   b - Sticks to Snakes               Transmutation                2
   c - Spider Form                    Transmutation/Poison         3
   d - Ice Form                       Ice/Transmutation            4
   e - Blade Hands                    Transmutation                5
Comestibles
 d - a bread ration


   Skills:
 - Level 0.8 Fighting
 - Level 1.5 Dodging
 - Level 4.5 Unarmed Combat
 - Level 2.1 Spellcasting
 + Level 2.3 Transmutations


You couldn't memorise any spells.
You knew the following spells:

 Your Spells              Type           Power        Failure   Level  Hunger
a - Beastly Appendage     Tmut           #.....       12%         1    #......
s - Sticks to Snakes      Tmut           #.......     17%         2    ###....
S - Spider Form           Tmut/Pois      #.........   47%         3    ###....


Dungeon Overview and Level Annotations

Branches:
Dungeon (3/15)

Altars:


Innate Abilities, Weirdness & Mutations

You have extremely sharp teeth.
Your natural rate of healing is unusually fast.
When hurt, damage is shared between your health and your magic reserves.
Your bite disrupts and absorbs the magic of your enemies.
Potions and wands cannot restore your health.
You are immune to rotting.


Message History

You miss the quasit.
The quasit is moderately wounded.
The quasit bites you.
* * * LOW HITPOINT WARNING * * *
The quasit claws you but does no damage. x2
Unknown command.
You barely miss the quasit. Your bite misses the quasit.
The quasit is moderately wounded.
The quasit barely misses you. The quasit misses you.
The quasit closely misses you.
You hit the quasit but do no damage. You bite the quasit, but do no damage.
The quasit is moderately wounded.
The quasit barely misses you.
The quasit claws you but does no damage. x2
You barely miss the quasit.
The quasit is moderately wounded.
The quasit bites you.
* * * LOW HITPOINT WARNING * * *
The quasit misses you. The quasit closely misses you. The quasit bites you.
You die...

# . ####
....########################...
............r5@........)†......
.....##########################
..$ .


You could see a quasit and a rat.

Vanquished Creatures
  A hound (D:3)
  An ooze (D:1)
  A giant gecko (D:1)
  5 orcs (D:3)
  A goblin (D:2)
  A hobgoblin (D:1)
  A kobold (D:3)
  A bat (D:3)
12 creatures vanquished.

Vanquished Creatures (collateral kills)
  An adder (D:2)
1 creature vanquished.

Grand Total: 13 creatures vanquished

Notes
Turn   | Place    | Note
-------+----------+-------------------------------------------
     0 | D:1      | Charly the Vine Stalker Transmuter began the quest for the Orb.
     0 | D:1      | Reached XP level 1. HP: 9/9 MP: 4/4
    52 | D:1      | Reached XP level 2. HP: 5/14 MP: 4/6
    56 | D:1      | Learned a level 2 spell: Sticks to Snakes
   155 | D:3      | Reached skill level 4 in Unarmed Combat
   155 | D:3      | Reached XP level 3. HP: 8/17 MP: 4/7
   160 | D:3      | Learned a level 3 spell: Spider Form
   239 | D:3      | Slain by a quasit

Vault maps used:
D:1:      tarquinn_simple_flora_water_f, serial_glass, glass_columns_c,
          glass_columns_b, glass_columns_a, glass_columns_a,
          columned_hall_lemuel, minmay_hexomino_f4
D:2:      uniq_sigmund
D:3:      makhleb_blood_cavern_becter

Skill      XL: |  1  2 |
---------------+-------+-----
Unarmed Combat | 4 |  4.5
Fighting       | |  0.8
Dodging        | |  1.5
Spellcasting   | |  2.1
Transmutations | |  2.3

Action                   || total
-------------------------++-------
Melee: Unarmed           ||    64
       Bite              ||    14
       Punch             ||     2
 Cast: Sticks to Snakes  ||     3
       Spider Form       ||     1
Armor: Robe              ||    16
Dodge: Dodged            ||    45
